 Dungeon Crawl Stone Soup version 0.27-a0-1189-gb8eb6cee8e (webtiles) character file.

Game seed: 7541447493121978160

154 1player the Changer (level 5, -2/34 HPs)
             Began as an Octopode Transmuter on May 22, 2021.
             Killed from afar by an orc wizard (5 damage)
             ... with a magic dart
             ... on level 3 of the Dungeon.
             The game lasted 00:12:09 (5212 turns).

1player the Changer (Octopode Transmuter)           Turns: 5212, Time: 00:12:10

Health: -2/34      AC:  1    Str:  9    XL:     5   Next: 35%
Magic:  8/8        EV: 13    Int: 16    God:
Gold:   126        SH:  0    Dex: 13    Spells: 2/8 levels left

rFire    . . .     SeeInvis .     - Unarmed
rCold    . . .     Faith    .   (no shield)
rNeg     . . .     Spirit   .   (helmet restricted)
rPois    .         Reflect  .   f - amulet of magic regeneration
rElec    .         Harm     .   (no ring)
rCorr    .         Rampage  .   (no ring)
Will     .....                  (no ring)
Stlth    ++........             (no ring)
HPRegen  0.11/turn              (no ring)
MPRegen  0.36/turn              (no ring)
                                (no ring)
                                (no ring)

@: very slightly contaminated
A: almost no armour, amphibious, 8 rings, camouflage 1, gelatinous body 1,
(nimble swimmer 1), tentacles
a: no special abilities


You were on level 3 of the Dungeon.
You visited 1 branch of the dungeon, and saw 3 of its levels.

You collected 126 gold pieces.

Inventory:

Missiles
 a - 13 sling bullets
 i - 6 javelins
 k - 4 poisoned darts
Jewellery
 f - an amulet of magic regeneration (around mantle)
Scrolls
 h - a scroll of teleportation {unknown}
Potions
 b - a potion of haste {unknown}
 c - 3 potions of lignification
 e - a potion of mutation {unknown}
 g - 2 potions of magic
 j - a potion of brilliance {unknown}


   Skills:
 + Level 1.8 Fighting
 - Level 2.0 Dodging
 - Level 3.0 Unarmed Combat
 - Level 2.0 Spellcasting
 * Level 3.8 Transmutations
 + Level 3.7 Poison Magic


You had 2 spell levels left.
You knew the following spells:

 Your Spells              Type           Power      Damage    Failure   Level
a - Spider Form           Tmut/Pois      6%         N/A       13%         3
s - Beastly Appendage     Tmut           26%        N/A       4%          1
z - Wereblood             Tmut           13%        N/A       6%          2

Your spell library contained the following spells:

 Spells                   Type           Power      Damage    Failure   Level
 Ice Form                 Ice/Tmut       7%         N/A       67%         4
 Hydra Form               Tmut           6%         N/A       75%         5


Dungeon Overview and Level Annotations

Branches:
Dungeon (3/15)

Altars:

Annotations:
D:3 Natasha


Innate Abilities, Weirdness & Mutations

You cannot wear most types of armour.
You are amphibious.
You can wear up to eight rings at the same time.
Your skin changes colour to match your surroundings (Stealth+).
Your rubbery body absorbs attacks. (AC +1, EV +1)
((You are camouflaged near water. (Stealth+)))
You have tentacles for arms and can constrict up to eight enemies at once.


Message History

The orc closely misses you.
You hit the orc wizard but do no damage.
The orc wizard is moderately wounded.
The orc wizard hits you but does no damage.
The orc barely misses you.
The orc wizard gestures at you while chanting.
The magic dart hits you!
Your transformation has ended.
Casting: Spider Form (quite dangerous; 13% risk of failure)
Confirm with . or Enter, or press ? or * to list all spells.
The spell is quite dangerous to cast (13% risk of failure)!
Continue anyway?
You miscast Spider Form.
You are very lightly contaminated with residual magic.
Nothing appears to happen.
The orc wizard looks more healthy.
The orc wizard casts a spell at you. You resist with some effort.
You tentacle-slap the orc. You grab the orc.
The orc is lightly wounded.
You constrict the orc, but do no damage.
The orc wizard points at itself and mumbles some strange words.
The orc wizard flickers and vanishes!
Deactivating autopickup; reactivate with Ctrl-A.
The orc struggles to escape constriction.
You tentacle-slap the orc but do no damage.
You squeeze the orc.
You kill the orc!
You hear some strange, mumbled words.
A puff of flame appears from out of thin air!
The puff of flame hits you!
You tentacle-slap the orc. You grab the orc.
The orc is severely wounded.
You constrict the orc. The orc hits you with a +0 hand axe.
You tentacle-slap the orc.
You kill the orc!
A magic dart appears from out of thin air!
The magic dart hits you!
* * * LOW HITPOINT WARNING * * *
A magic dart appears from out of thin air!
The magic dart hits you.
You die...

#.####.####..... #.#
#)#....##.. #.#
#...#####.. #.#
###..#####.. #.#
#...........
#.###.......#...
###..##..###......
#........# ##...#.
##@##.#..## #.####
###..##.#.## #.#
###...#...#....###.
##..{##............
#.)###............# ###
#...##............###.##
###.o#............##.o..
##.o#..........# #.###
##.o#....#...####.###


There were no monsters in sight!

Vanquished Creatures
  An orc priest (D:3)
  Terence (D:3)
  5 worms
  4 dart slugs
  6 orcs (D:3)
  5 ball pythons
  3 endoplasms
  2 giant cockroaches (D:1)
  7 goblins
  6 hobgoblins
  7 jackals
  9 kobolds
  2 quokkas
  3 bats
  4 frilled lizards
  4 rats
69 creatures vanquished.

Vanquished Creatures (others)
  8 fungi (D:2)
  2 plants (D:2)
10 creatures vanquished.

Grand Total: 79 creatures vanquished

Notes
Turn   | Place    | Note
-------+----------+-------------------------------------------
     0 | D:1      | 1player the Octopode Transmuter began the quest for the
                  | Orb.
     0 | D:1      | Reached XP level 1. HP: 13/13 MP: 3/3
   123 | D:1      | Reached skill level 1 in Poison Magic
   413 | D:1      | Reached XP level 2. HP: 11/18 MP: 5/5
  1296 | D:1      | Reached XP level 3. HP: 23/23 MP: 6/6
  1300 | D:1      | Learned a level 3 spell: Spider Form
  1989 | D:1      | Learned a level 2 spell: Wereblood
  3088 | D:1      | Reached XP level 4. HP: 22/28 MP: 4/7
  3853 | D:2      | Found a faded altar of an unknown god.
  3908 | D:3      | Noticed Terence
  4600 | D:3      | Noticed Natasha
  4625 | D:3      | Killed Terence
  4704 | D:3      | Reached XP level 5. HP: 28/33 MP: 8/8
  5212 | D:3      | Killed from afar by an orc wizard

Illustrated notes

Levels and vault maps discovered:
D:1:      wander_arrival_lonely_grave, layout_basic, hex_tiny, minivault_27
D:2:      layout_rooms, shapermc_ecumenical_altar_hornbeckon
D:3:      layout_rooms, uniq_terence, uniq_natasha

Skill      XL: |  1  2  3 |
---------------+----------+-----
Poison Magic   | 1 3 |  3.7
Transmutations | 3 |  3.8
Fighting       | |  1.8
Dodging        | |  2.0
Unarmed Combat | |  3.0
Spellcasting   | |  2.0

Action                   |  1- 3 |  4- 6 || total
-------------------------+-------+-------++-------
Melee: Unarmed           |    95 |    71 ||   166
       Constrict         |    17 |    10 ||    27
       Tentacles         |    11 |     3 ||    14
       Kick              |     6 |     1 ||     7
       Punch             |     1 |     1 ||     2
 Cast: Beastly Appendage |    15 |     6 ||    21
       Spider Form       |     9 |    12 ||    21
  Use: Scroll            |       |     2 ||     2
 Stab: Sleeping          |     5 |     1 ||     6
Armor: Skin              |     9 |     5 ||    14
Dodge: Dodged            |    69 |    34 ||   103

Table legend: (Time is in decaauts)
 A = Elapsed time spent in this place.
 B = Non-inter-level travel time spent in this place.
 C = Inter-level travel time spent in this place.
 D = Time resting spent in this place.
 E = Time spent auto-exploring this place.
 F = Levels seen in this place.
 G = Mean time per level.
                   A        B        C        D        E       F      G
               +--------+--------+--------+--------+--------+-----+--------+
         Total |   5209 |   5037 |    172 |   2576 |   1132 |   3 | 1736.3 |
       Dungeon |   5209 |   5037 |    172 |   2576 |   1132 |   3 | 1736.3 |
               +--------+--------+--------+--------+--------+-----+--------+

Top non-repeatable levels by time:
     D:1: 2318 daAuts
     D:2: 2139 daAuts
     D:3: 751 daAuts
